 Dungeon Crawl Stone Soup version 0.30.1-11-g7821555f0a (webtiles) character file.

Game seed: 7041714538950870501

3671067 jfcaron the Slayer (level 27, 237/237 (245) HPs)
             Began as a Demonspawn Berserker on Nov 4, 2023.
             Was the Champion of Trog.
             Escaped with the Orb
             ... and 5 runes!
             The game lasted 03:04:10 (58844 turns).

jfcaron the Slayer (Demonspawn Berserker)          Turns: 58844, Time: 03:04:11

HP:   237/237 (245) AC: 43    Str: 26 (27) XL:     27
MP:   7/7           EV: 16    Int:  6 (8)  God:    Trog [******]
Gold: 7168          SH: 14    Dex: 10 (11) Spells: 26/26 levels left

rFire   + + +        b - +9 broad axe (antimagic)
rCold   + + .        B - +0 kite shield
rNeg    + . .        F - +7 gold dragon scales
rPois   +            k - +4 helmet of Jigsaw {Fly rCorr}
rElec   +            (cloak unavailable)
rCorr   +            K - +1 pair of gloves {hurl}
SInv    +            M - +0 pair of boots of the Enchanted Forest {rPois rF+ Int-4 Slay+2}
Will    +++..        N - amulet "Jyrchesa" {RegenMP rPois rF+ Regen+} Stlth
                     c - ring of Yrghut Vokkih {rElec EV+5 Dex-5 Slay+3}
HPRegen 1.39/turn    y - ring "Uleapp" {rC+ rN+ rCorr Dex+2 SInv}
MPRegen 0.50/turn

%: no passive effects
@: flying, studying Throwing, lightly drained
A: demonic guardian 3, hurl damnation, powered by death 3, torment resistance 1,
sanguine armour 3, demonic willpower, weakness stinger 3, see invisible, poison
resistance, evolution 1
0: Orb of Zot
}: 5/15 runes: decaying, slimy, silver, abyssal, gossamer
a: Hurl Damnation, Renounce Religion, Berserk, Trog's Hand, Brothers in Arms


You escaped.
You worshipped Trog.
Trog was exalted by your worship.
You visited 11 branches of the dungeon, and saw 55 of its levels.
You visited the Abyss 1 time.
You visited 1 bazaar.
You also visited: Trove, Sewer, Bailey and Gauntlet.

You collected 11384 gold pieces.
You spent 4216 gold pieces at shops.

Inventory:

Hand Weapons
 a - a +9 heavy broad axe
   (Trog gifted it to you on level 10 of the Dungeon)
 b - a +9 antimagic broad axe (weapon)
   (Trog gifted it to you on level 5 of the Lair of Beasts)
Missiles
 e - a silver javelin {!f}
 W - 15 javelins
 X - a throwing net {!f}
 Y - 13 curare-tipped darts {!f}
 Z - 8 boomerangs of dispersal {!f}
Armour
 k - the +4 helmet of Jigsaw (worn) {Fly rCorr}
   (You bought it in a shop on level 2 of the Orcish Mines)

   Fly:       It grants you flight.
   rCorr:     It protects you from acid and corrosion.
 B - a +0 kite shield (worn)
 F - +7 gold dragon scales (worn)
 K - a +1 pair of gloves of hurling (worn)
   (You found it on level 10 of the Dungeon)
 M - the +0 pair of boots of the Enchanted Forest (worn) {rPois rF+ Int-4 Slay+2}
   (You found it in a bailey)

   Int:       It affects your intelligence (-4).
   Slay:      It affects your accuracy & damage with ranged weapons and melee
   (+2).
   rF:        It protects you from fire.
   rPois:     It protects you from poison.
Jewellery
 c - the ring of Yrghut Vokkih (left hand) {rElec EV+5 Dex-5 Slay+3}
   (You took it off a deep elf annihilator on level 3 of the Elven Halls)

   [ring of evasion]

   EV:        It affects your evasion (+5).
   Dex:       It affects your dexterity (-5).
   Slay:      It affects your accuracy & damage with ranged weapons and melee
   (+3).
   rElec:     It insulates you from electricity.
 y - the ring "Uleapp" (right hand) {rC+ rN+ rCorr Dex+2 SInv}
   (You found it in a treasure trove)

   [ring of see invisible]

   Dex:       It affects your dexterity (+2).
   rC:        It protects you from cold.
   rN:        It protects you from negative energy.
   SInv:      It lets you see invisible.
   rCorr:     It protects you from acid and corrosion.
 E - a ring of willpower
   (You found it on level 10 of the Dungeon)
 N - the amulet "Jyrchesa" (around neck) {RegenMP rPois rF+ Regen+}
   (You found it on level 5 of the Pits of Slime)

   [amulet of magic regeneration]

   It increases your rate of magic regeneration.
   rF:        It protects you from fire.
   rPois:     It protects you from poison.
   Regen:     It increases your rate of health regeneration.
Wands
 A - a wand of digging (7)
   (You found it on level 1 of the Spider Nest)
 C - a wand of mindburst (36)
   (You found it on level 12 of the Dungeon)
 J - a wand of paralysis (101)
   (You found it on level 7 of the Dungeon)
 O - a wand of roots (78)
   (You took it off Sigmund on level 5 of the Dungeon)
 S - a wand of acid (37)
   (You found it on level 9 of the Dungeon)
Scrolls
 f - 7 scrolls of vulnerability
 j - 3 scrolls of torment
 m - 11 scrolls of fear
 o - 12 scrolls of poison
 r - 14 scrolls of blinking
 t - 21 scrolls of teleportation
 u - 4 scrolls of silence
 w - 2 scrolls of immolation
 Q - 3 scrolls of magic mapping
 U - 16 scrolls of fog
Potions
 g - 2 potions of might
 h - 21 potions of curing
 i - 9 potions of haste
 l - 7 potions of cancellation
 p - 8 potions of mutation
 q - 13 potions of lignification
 x - 6 potions of invisibility
 z - 6 potions of resistance
 G - 19 potions of heal wounds
 H - 10 potions of attraction
 I - 2 potions of berserk rage
 L - 7 potions of magic
 P - 21 potions of flight
 R - 22 potions of ambrosia
Miscellaneous
 d - a phial of floods
   (You found it on level 10 of the Dungeon)
 n - a lightning rod (4/4)
   (You found it in a Gauntlet)
 v - a phantom mirror (inert)
   (You found it in a Gauntlet)
 T - a box of beasts
   (You found it on level 10 of the Dungeon)
 V - a condenser vane
   (You found it on level 10 of the Dungeon)


   Skills:
 * Level 26.1 Fighting
 + Level 20.7 Axes
 * Level 24.6 Armour
 + Level 14.8 Dodging
 + Level 18.3 Shields
 + Level 18.9 Evocations


You had 26 spell levels left.
You didn't know any spells.
Your spell library contained the following spells:

 Spells                   Type           Power      Damage    Failure   Level
 Apportation              Tloc           0%         N/A       99%         1
 Necrotise                Necr           0%         1d4       99%         1
 Shock                    Conj/Air       0%         1d3       99%         1
 Sting                    Tmut/Pois      0%         1d3       99%         1
 Summon Small Mammal      Summ           0%         N/A       99%         1
 Static Discharge         Conj/Air       0%         2-2/arc   100%        2
 Ignite Poison            Fire/Tmut/Pois 0%         N/A       100%        3
 Inner Flame              Hex/Fire       0%         N/A       100%        3
 Portal Projectile        Hex/Tloc       0%         N/A       100%        3
 Summon Guardian Golem    Hex/Summ       0%         N/A       100%        3
 Swiftness                Air            0%         N/A       100%        3
 Tukima's Dance           Hex            0%         N/A       100%        3
 Vampiric Draining        Necr           0%         2d6       100%        3
 Airstrike                Air            0%         2d(0-16)  100%        4
 Leda's Liquefaction      Hex/Erth       0%         N/A       100%        4
 Passage of Golubria      Tloc           0%         N/A       100%        4
 Summon Lightning Spire   Summ/Air       0%         N/A       100%        4
 Agony                    Necr           0%         N/A       100%        5
 Lee's Rapid Deconstruct  Erth           0%         3d4*      100%        5
 Summon Forest            Summ/Tloc      0%         N/A       100%        5
 Yara's Violent Unravell  Hex/Tmut       0%         3d3       100%        5
 Conjure Ball Lightning   Conj/Air       0%         3x3d6     100%        6
 Eringya's Noxious Bog    Tmut/Pois      0%         N/A       100%        6
 Statue Form              Tmut/Erth      0%         N/A       100%        6
 Orb of Destruction       Conj           0%         9d5       100%        7
 Spellforged Servitor     Conj/Summ      0%         N/A       100%        7
 Summon Hydra             Summ           0%         N/A       100%        7
 Discord                  Hex            0%         N/A       100%        8
 Disjunction              Tloc           0%         N/A       100%        8


Dungeon Overview and Level Annotations

Branches:
Dungeon (15/15)            Temple (0/1) D:5            Lair (5/5) D:9
  Swamp (4/4) Lair:3       Spider (4/4) Lair:2        Slime (5/5) Lair:4
    Orc (2/2) D:11            Elf (3/3) Orc:2        Vaults (5/5) D:13
  Crypt (3/3) Vaults:2       Tomb (0/3) Crypt:3      Depths (4/4) D:15
    Zot (5/5) Depths:4      Sewer (visited)          Bailey (visited)
Gauntlet (visited)

Altars:
Ashenzari
Cheibriados
Fedhas
Gozag
Hepliaklqana
Kikubaaqudgha
Makhleb
Sif Muna
Trog
Uskayaw
Vehumet
Wu Jian
Xom
Yredelemnul
Jiyva

Shops:
D:1 (   D:15 !   Orc:2 [:([[   Elf:2 [(((   Vaults:3 *?   Vaults:5 *   Zot:5 *
Depths:3 (*

Portals:
Hell: Depths:1 Depths:2 Depths:3 Depths:4
Abyss: Depths:1 Depths:2 Depths:3 Depths:4
Pandemonium: Depths:2 Depths:4
Ziggurat: Depths:3


Innate Abilities, Weirdness & Mutations

A powerful demonic guardian rushes to your aid.
You can hurl damnation.
You regenerate a lot of health from kills.
You are resistant to unholy torment.
When seriously injured, your blood forms very thick armour. (AC +0)
You punish those that try to bend your will. (Will+)
You have a sharp stinger which inflicts weakening toxins.
You have supernaturally acute eyesight. (SInv)
Your system is resistant to poisons. (rPois)
You have hidden genetic potential.


Message History

You block the demonspawn blood saint's attack.
You slash the demonspawn blood saint!
You tail-slap the demonspawn blood saint!
The demonspawn blood saint is severely wounded.
The demonspawn blood saint conjures a destructive force in the name of Makhleb!
The ghostly flame explodes!
The ghostly fireball engulfs you! You partially resist.
You feel drained.
The ghostly fireball engulfs the demonspawn blood saint!
The demonspawn blood saint is drained!
The ghostly flame explodes!
The ghostly fireball engulfs you! You partially resist.
You feel drained.
The ghostly fireball engulfs the demonspawn blood saint!!
The demonspawn blood saint is drained!
The demonspawn blood saint dies!
No target in view!
No target in view!
No target in view!
No target in view!
There is an open door here.
There is a fountain of clear blue water here.
There is a staircase leading out of the dungeon here.
There is a fountain of clear blue water here.
You reach down and open the door.
There is a fountain of clear blue water here.
You reach down and open the large door.
There is a staircase leading out of the dungeon here.
As you read the scroll of summoning, it crumbles to dust.
Wisps of shadow whirl around you...
Really quaff the potion of mutation?
You feel extremely strange.
You feel healthier.
Your urge to shout disappears.
You feel stronger.
Your vision sharpens.
You feel resistant to poisons.
Okay, then.
Really quaff the potion of mutation?
You feel extremely strange.
You no longer feel vulnerable to cold.
You feel more energetic.
You feel less resistant to poisons.
You feel resistant to poisons.
You feel a hidden potential growing inside you.
You can't go down here!
Magic restored.
You have escaped!

###...# #...#...##..#....
..###.## ######................
#.###..#####....8...............#
#..###.......##...##..........#..
##.###........##.##..............
##.#.......)...#'#...##...###.###
#.#.#.....)...#'#...............
#...#........##S##.....#####.###
#####........'⌠@b'.....##.......
######........##J##....##........
...............#'#....##...?.....
.####..........#'#..####.........
..##..........##.##..............
#..#.#.......##...##.####........
##...#..........8....# ##...#...
....................## ########
..#..........#..##..##


You could see a friendly endoplasm (summoned), a friendly bat (summoned) and a
friendly ball python (summoned).

Vanquished Creatures
  the Royal Jelly (Slime:5)
  Tiamat (Zot:2)
  4 dread liches
  4 ancient liches
  Mara (Vaults:5)
  7 orbs of fire
  4 juggernauts
  A royal mummy (Crypt:3)
  5 Killer Klowns (Zot:5)
  A pandemonium lord (D:5)
  2 caustic shrikes
  3 curse toes
  The ghost of Xepac the Warrior, a veteran MiHu of Gozag (Depths:2)
  3 bone dragons
  Nikola (Depths:1)
  2 doom hounds (Zot:1)
  7 golden dragons
  Jory (Depths:4)
  Arachne (Spider:3)
  2 electric golems (Zot:5)
  15 tentacled monstrosities
  Rupert (Spider:1)
  Zenata (Crypt:2)
  A Hell Sentinel (D:11)
  An Ice Fiend (D:4)
  3 deep elf blademasters
  7 liches
  Grunn (Zot:1)
  3 walking earthen tomes (Depths:1)
  25 Orb Guardians (Zot:5)
  7 quicksilver dragons
  3 titans
  A deep elf master archer (Elf:3)
  An Executioner (D:2)
  2 ancient champions (Crypt:2)
  13 acid blobs
  A thorn hunter (Swamp:4)
  11 sphinxes
  8 death cobs
  Kirke (Swamp:3)
  17 storm dragons
  11 tengu reavers
  19 shadow dragons
  8 draconian monks
  4 revenants
  8 fire giants
  Roxanne (Swamp:2)
  9 azure jellies
  7 draconian knights
  5 draconian shifters
  10 rockslimes
  The ghost of 0gre the Thaumaturge, a journeyman GnIE of Gozag (Orc:1)
  16 frost giants
  8 draconian scorchers
  A cacodemon (D:5)
  Aizul (Swamp:4)
  9 emperor scorpions
  3 iron dragons
  7 deep elf sorcerers
  3 balrugs
  2 ghouls (Crypt:1)
  13 draconian stormcallers
  5 deep elf elementalists
  8 ghost moths
  3 orc warlords
  20 vault wardens
  3 curse skulls
  9 draconian annihilators
  An angel (Depths:3)
  20 ironbound preservers
  A caustic shrike skeleton (Crypt:1)
  A demonspawn blood saint (D:1)
  3 war gargoyles
  3 ironbound thunderhulks
  A spriggan defender (Depths:2)
  9 quicksilver oozes
  22 stone giants
  3 broodmothers
  3 reapers
  16 vampire knights
  44 very ugly things
  2 juggernaut skeletons
  2 deep elf demonologists
  6 green draconians
  3 eleionomae
  7 dire elephants
  8 deep elf annihilators
  A putrid mouth (Zot:1)
  A lorocyproca (Depths:2)
  13 black draconians
  10 spark wasps
  A minotaur (Gauntlet)
  16 ettins
  11 purple draconians
  9 white draconians
  5 yellow draconians
  12 red draconians
  3 eidola
  2 bunyips
  A crystal guardian (Vaults:4)
  Snorg (D:12)
  8 deep elf death magi
  An entropy weaver (shapeshifter) (Abyss:3)
  4 mummy priests (Crypt:3)
  11 fire dragons
  3 jiangshi (Crypt:2)
  A merfolk javelineer (Depths:4)
  10 yaktaur captains
  7 entropy weavers
  2 merfolk impalers (Depths:4)
  6 deep elf high priests
  3 shambling mangroves (Swamp:4)
  Fannar (Lair:2)
  8 great orbs of eyes
  10 ice dragons
  7 rakshasas
  4 peacekeepers
  The ghost of jfcaron the Covert, a journeyman GnBr of Okawaru (Lair:1)
  13 hydras
  33 vault guards
  9 boulder beetles
  A jorogumo (Spider:3)
  10 spriggan air magi
  The ghost of Fractals the Fighter, a novice HOFi of Uskayaw (Lair:1)
  4 ironbound frosthearts
  7 centaur warriors
  2 death knights (Crypt:1)
  2 ghost crabs (Swamp:4)
  4 radroaches
  The ghost of unlimited1921 the Thaumaturge, a journeyman DjFE of Ashenzari (Lair:1)
  The ghost of Nonny the Arsonist, a journeyman TeCA of Ignis (Lair:1)
  The ghost of Dordric the Earth Mage, a journeyman GrEE of Sif Muna (Lair:1)
  5 two-headed ogres
  6 vampire magi
  2 catoblepae
  5 deep troll shamans
  7 death yaks (Lair:4)
  10 alligators
  8 tengu warriors
  A death scarab (Spider:4)
  5 deep troll earth magi
  A hell hog (Gauntlet)
  29 dancing weapons
  13 spriggan berserkers
  4 orc high priests
  13 large abominations
  A soul eater (Crypt:3)
  8 sun demons
  16 hell knights
  27 deep elf knights
  4 iron trolls
  A shadow wraith (Crypt:3)
  2 skysharks (Lair:5)
  A fire crab (Gauntlet)
  A salamander mystic (Depths:4)
  A titan skeleton (Crypt:3)
  A sixfirhy (D:7)
  19 skeletal warriors
  59 deep trolls
  8 pharaoh ants
  Amaemon (Lair:3)
  7 goliath frogs
  4 glowing orange brains
  9 flayed ghosts
  7 orb spiders
  8 spriggan druids
  8 swamp dragons
  7 steelbarb worms
  An anaconda zombie (Crypt:3)
  5 spectral hydras (Swamp:4)
  11 wizards
  A shadow dragon zombie (Crypt:2)
  16 ironbound convokers
  8 bog bodies
  A golden dragon skeleton (Crypt:1)
  9 necromancers
  A harpy (shapeshifter) (D:15)
  10 orc knights
  14 deep elf archers
  5 harpies
  33 deep elf pyromancers
  10 lindwurms
  3 orc sorcerers
  6 phantasmal warriors
  5 will-o-the-wisps
  22 wolf spiders
  32 deep elf zephyrmancers
  3 manticores
  2 salamanders (Depths:4)
  46 ugly things
  3 oklob plants (Swamp:4)
  4 elephants (Lair:5)
  A salamander (shapeshifter) (Abyss:3)
  4 shining eyes
  12 vault sentinels
  28 moths of wrath
  5 cyclopes
  4 black mambas
  2 rust devils
  3 gargoyles
  2 ice statues
  10 cane toads
  7 torpor snails
  2 eyes of devastation
  A dire elephant skeleton (Crypt:1)
  13 demonic crawlers
  A yellow draconian zombie (Crypt:1)
  A rime drake (Gauntlet)
  2 minotaur zombies (Gauntlet)
  An orange demon (Lair:3)
  2 spriggan zombies (D:15)
  A steelbarb worm zombie (Crypt:1)
  A pale draconian zombie (Crypt:3)
  A kobold demonologist (D:10)
  12 komodo dragons
  2 unseen horrors
  31 yaktaurs
  A catoblepas skeleton (Crypt:1)
  2 spriggan skeletons
  32 guardian mummies (Crypt:3)
  A green draconian zombie (Crypt:1)
  4 tengu conjurers
  A red devil (Depths:2)
  3 ice devils
  4 freezing wraiths
  6 meliai
  A green draconian skeleton (Crypt:2)
  11 polar bears
  2 death drake zombies (Swamp:4)
  12 trolls
  5 bloated husks
  4 hydra zombies (Swamp:4)
  A queen bee (Lair:4)
  A hellwing (Depths:2)
  2 harpy zombies
  An iron troll skeleton (Crypt:2)
  9 tyrant leeches
  A hornet (shapeshifter) (D:13)
  26 hornets
  A raiju (shapeshifter) (D:15)
  40 tarantellas
  A dream sheep (shapeshifter) (Vaults:5)
  An ice dragon zombie (Crypt:2)
  A stone giant simulacrum (Crypt:3)
  26 blink frogs
  2 hydra skeletons (Swamp:4)
  A death drake skeleton (Swamp:4)
  An alligator zombie (Crypt:3)
  A dream sheep (Lair:5)
  80 slime creatures
  2 culicivoras (shapeshifter)
  Sigmund (D:5)
  21 culicivoras
  2 air elementals
  22 jumping spiders
  A shadow (D:10)
  A dire elephant simulacrum (Crypt:1)
  37 spriggans
  7 water elementals
  10 wraiths
  55 yaks
  A human (Lair:5)
  12 fire bats
  14 vampires
  A fire elemental (Elf:1)
  9 ushabtiu (Crypt:3)
  A human (shapeshifter) (D:15)
  A steam dragon (Lair:3)
  A basilisk (shapeshifter) (D:13)
  5 wyverns
  A ynoxinul (Depths:4)
  3 basilisks
  14 chaos spawn
  A neqoxec (Depths:2)
  7 hogs (Swamp:3)
  39 redbacks
  31 vampire mosquitoes
  A harpy simulacrum (Crypt:3)
  10 swamp worms
  A naga (Orc:1)
  A warg (Orc:2)
  3 acid dragons (D:10)
  The ghost of lonewolfV2 the Ducker, an amateur MeFi (D:4)
  A hydra simulacrum (Swamp:4)
  3 floating eyes
  A water nymph skeleton (Crypt:1)
  A deep troll skeleton (Crypt:2)
  5 hell hounds (Gauntlet)
  14 water moccasins
  A floating eye (shapeshifter) (Depths:2)
  5 black bears
  A snapping turtle zombie (Crypt:3)
  4 swamp drakes (Swamp:4)
  10 ice beasts
  41 orc warriors
  The ghost of booth the Trooper, an amateur DsMo (D:3)
  10 centaurs
  An ogre (shapeshifter) (D:14)
  3 swamp dragon zombies (Swamp:4)
  30 wolves
  8 boggarts
  A hog zombie (Crypt:1)
  9 ogres
  A swamp dragon skeleton (Swamp:4)
  2 tengu (Abyss:3)
  3 phantoms
  8 kobold brigands
  An elf zombie (Crypt:2)
  10 bullfrogs
  A gnoll sergeant (D:10)
  A necrophage (Crypt:1)
  9 scorpions
  4 earth elementals
  3 wights (D:7)
  23 killer bees
  4 howler monkeys (D:10)
  2 jellies
  9 vampire bats
  6 wolf zombies
  4 electric eels
  7 crimson imps (D:9)
  3 hounds
  4 lava snakes (Lair:1)
  2 bullfrog zombies
  3 small abominations (Depths:1)
  20 orc priests
  A sleepcap (D:8)
  4 gnoll boudas
  16 iguanas
  24 orc wizards
  Terence (D:3)
  An ogre skeleton (Crypt:2)
  5 mummies
  25 gnolls
  11 adders
  2 river rats (Sewer)
  A shadow imp (D:9)
  2 white imps
  2 ufetubi
  An iguana skeleton (Crypt:2)
  9 worms
  4 dart slugs
  111 orcs
  A bat skeleton (D:8)
  4 bat zombies (D:8)
  9 endoplasms
  14 giant cockroaches
  8 goblins
  8 hobgoblins
  9 jackals
  17 kobolds
  14 quokkas
  13 ball pythons
  4 bats (D:1)
  2 endoplasm zombies
  A goblin skeleton (Crypt:3)
  21 orc zombies
  7 rats
  A spectral hobgoblin (D:6)
  3 ball lightnings (D:5)
  30 foxfires
  5 spectral weapons
2768 creatures vanquished.

Notes
Turn   | Place    | Note
-------+----------+-------------------------------------------
     0 | D:1      | jfcaron the Demonspawn Berserker began the quest for the
                  | Orb.
     0 | D:1      | Reached XP level 1. HP: 18/18 MP: 1/1
   113 | D:1      | Gained mutation: You regenerate a little health from kills.
                  | [demonic ancestry]
   113 | D:1      | Reached XP level 2. HP: 23/24 MP: 2/2
   310 | D:1      | Found Zarenus's Antique Weapon Boutique.
   316 | D:1      | Reached XP level 3. HP: 29/29 MP: 3/3
   565 | D:1      | Reached ** piety under Trog
  1451 | D:3      | Gained mutation: You regenerate health from kills. [demonic
                  | ancestry]
  1451 | D:3      | Reached XP level 4. HP: 31/35 MP: 4/4
  1465 | D:3      | Found a faded altar of an unknown god.
  1473 | D:3      | Noticed Terence
  1485 | D:3      | Killed Terence
  1489 | D:3      | Found a runed translucent gate.
  1490 | D:3      | Found a runed translucent gate.
  1490 | D:3      | Noticed booth's ghost (amateur DsMo)
  1491 | D:3      | Identified the +5 short sword "Kagoif" {freeze, Int+2}
  1491 | D:3      | Identified the +1 leather armour of the Loofah {SInv}
  1666 | D:3      | Found a basalt altar of Yredelemnul.
  1747 | D:3      | Found a glowing drain.
  1758 | Sewer    | Entered a sewer
  1902 | Sewer    | Gained mutation: When seriously injured, your blood forms
                  | armour. (AC +0) [demonic ancestry]
  1902 | Sewer    | Reached XP level 5. HP: 42/42 MP: 5/5
  1967 | Sewer    | Reached skill level 4 in Fighting
  2021 | Sewer    | Gained mutation: You regenerate a lot of health from kills.
                  | [demonic ancestry]
  2021 | Sewer    | Reached XP level 6. HP: 32/48 MP: 6/6
  2437 | Sewer    | Gained mutation: When seriously injured, your blood forms
                  | thick armour. (AC +0) [demonic ancestry]
  2437 | Sewer    | Reached XP level 7. HP: 39/55 MP: 7/7
  2872 | D:3      | Reached *** piety under Trog
  2956 | D:3      | Found a runed translucent gate.
  3013 | D:3      | Killed booth's ghost
  3014 | D:3      | Reached skill level 5 in Fighting
  3362 | D:4      | Reached skill level 5 in Axes
  3457 | D:4      | Gained mutation: A weak demonic guardian rushes to your
                  | aid. [demonic ancestry]
  3457 | D:4      | Reached XP level 8. HP: 63/63 MP: 8/8
  3550 | D:1      | Bought a jewelled morningstar for 189 gold pieces
  3550 | D:1      | Identified the +5 morningstar of the Filigreed God {freeze,
                  | rElec rPois rC- Str+3} (You bought it in a shop on level 1
                  | of the Dungeon)
  3863 | D:4      | Found a runed translucent door.
  3865 | D:4      | Noticed lonewolfV2's ghost (amateur MeFi)
  3927 | D:4      | Found an opulent altar of Gozag.
  3964 | D:4      | Found a runed translucent door.
  4016 | D:4      | Found a snail-covered altar of Cheibriados.
  4093 | D:4      | Killed lonewolfV2's ghost
  4154 | D:5      | Entered Level 5 of the Dungeon
  4214 | D:5      | Reached skill level 5 in Dodging
  4229 | D:5      | Reached skill level 6 in Fighting
  4229 | D:5      | Reached skill level 5 in Armour
  4305 | D:5      | Noticed Sigmund
  4320 | D:5      | Killed Sigmund
  4641 | D:5      | Reached **** piety under Trog
  4754 | D:5      | Found a staircase to the Ecumenical Temple.
  4758 | D:5      | Gained mutation: You have a small tail. [demonic ancestry]
  4758 | D:5      | Reached XP level 9. HP: 71/71 MP: 9/9
  5020 | D:5      | Found a radiant altar of Vehumet.
  5113 | D:6      | Reached skill level 7 in Fighting
  5130 | D:6      | Identified the +7 scimitar "Mown" {heavy, rF- Will++ MP+9
                  | Str+3}
  5441 | D:6      | Noticed Edmund
  5444 | D:6      | Edmund changed into Edmund the ogre
  5444 | D:6      | Noticed Edmund
  5451 | D:6      | Killed Edmund the ogre
  5521 | D:6      | Reached skill level 1 in Shields
  5792 | D:6      | Found a hazy altar of Hepliaklqana.
  5869 | D:7      | Reached skill level 8 in Fighting
  5877 | D:7      | Found an ornate altar of the Wu Jian Council.
  6013 | D:7      | Found a runed translucent door.
  6029 | D:7      | Noticed a sixfirhy
  6044 | D:7      | Reached ***** piety under Trog
  6201 | D:7      | Gained mutation: When seriously injured, your blood forms
                  | very thick armour. (AC +0) [demonic ancestry]
  6201 | D:7      | Reached XP level 10. HP: 80/80 MP: 10/10
  6928 | D:8      | Identified the +5 dagger of Amortisation {spect, Str+3
                  | Dex+3}
  6929 | D:8      | Found an ancient bone altar of Kikubaaqudgha.
  7070 | D:9      | Noticed a two-headed ogre
  7079 | D:9      | Killed a two-headed ogre
  7299 | D:9      | Found a bloodstained altar of Trog.
  7517 | D:9      | Found a staircase to the Lair.
  7542 | D:9      | Reached skill level 5 in Shields
  7591 | D:9      | Gained mutation: You have a tail ending in a sharp stinger.
                  | [demonic ancestry]
  7591 | D:9      | Reached XP level 11. HP: 87/87 MP: 11/11
  7663 | D:9      | Reached skill level 9 in Fighting
  8344 | D:10     | Entered Level 10 of the Dungeon
  8362 | D:10     | Received a gift from Trog
  8407 | D:10     | Found a flagged portal.
  8434 | Bailey   | Entered a bailey
  8810 | Bailey   | Identified the +0 pair of boots of the Enchanted Forest
                  | {rPois rF+ Int-4 Slay+2}
  9050 | D:10     | Noticed a wolf spider
  9075 | D:10     | Noticed a purple ugly thing
  9077 | D:10     | Noticed a red ugly thing
  9087 | D:10     | Killed a purple ugly thing
  9088 | D:10     | Reached skill level 10 in Axes
  9090 | D:10     | Killed a red ugly thing
  9135 | D:10     | Killed a wolf spider
  9289 | D:10     | Identified a scroll of acquirement
  9289 | D:10     | Acquired 1044 gold pieces
  9484 | D:10     | Identified the +1 chain mail "Qowal" {rPois}
  9504 | D:10     | Found a shimmering altar of Xom.
  9587 | D:10     | Found a large runed translucent door.
  9589 | D:10     | Found a large runed translucent door.
  9669 | D:10     | Identified the +3 scale mail "Luynn" {rElec Str+3}
  9780 | D:10     | Found a blossoming altar of Fedhas.
  9783 | D:10     | Found a shimmering blue altar of Sif Muna.
  9799 | D:10     | Found a large runed translucent door.
  9800 | D:10     | Found a large runed translucent door.
  9817 | D:10     | Noticed a two-headed ogre
  9823 | D:10     | Killed a two-headed ogre
  9824 | D:10     | Reached XP level 12. HP: 97/97 MP: 12/12
  9886 | D:10     | Found a broken altar of Ashenzari.
  9985 | D:10     | Identified the +7 hand axe "Killer Klown's Death" {holy,
                  | Will++ Str-2 Int+3 SInv}
 10242 | Lair:1   | Entered Level 1 of the Lair of Beasts
 10264 | Lair:1   | Reached skill level 10 in Fighting
 10324 | Lair:1   | Reached ****** piety under Trog
 10618 | Lair:1   | Found a runed translucent gate.
 10657 | Lair:1   | Found a runed translucent gate.
 10658 | Lair:1   | Found a runed translucent gate.
 10661 | Lair:1   | Noticed jfcaron's ghost (journeyman GnBr)
 10662 | Lair:1   | Noticed Nonny's ghost (journeyman TeCA)
 10663 | Lair:1   | Noticed unlimited1921's ghost (journeyman DjFE)
 10663 | Lair:1   | Noticed Fractals's ghost (novice HOFi)
 10664 | Lair:1   | Noticed Dordric's ghost (journeyman GrEE)
 11228 | Lair:2   | Received a gift from Trog
 11285 | Lair:2   | Found a hole to the Spider Nest.
 11338 | Lair:2   | Noticed Fannar
 11347 | Lair:2   | Killed Fannar
 11535 | Lair:2   | Gained mutation: You punish those that try to bend your
                  | will. (Will+) [demonic ancestry]
 11535 | Lair:2   | Reached XP level 13. HP: 103/103 MP: 13/13
 11573 | Lair:3   | Reached skill level 10 in Shields
 11756 | Lair:3   | Received a gift from Trog
 12113 | Lair:2   | Reached skill level 10 in Armour
 12832 | Lair:3   | Noticed Nessos
 12834 | Lair:3   | Nessos changed into Nessos the lindwurm
 12834 | Lair:3   | Noticed Nessos
 12843 | Lair:3   | Killed Nessos the lindwurm
 12990 | Lair:3   | Found a staircase to the Swamp.
 13061 | Lair:3   | Noticed Amaemon
 13066 | Lair:3   | Killed Amaemon
 13745 | Lair:4   | Found a viscous altar of Jiyva.
 13746 | Lair:4   | Found a staircase to the Slime Pits.
 13771 | Lair:4   | Reached skill level 15 in Axes
 13786 | Lair:4   | Received a gift from Trog
 14350 | Lair:5   | Entered Level 5 of the Lair of Beasts
 14364 | Lair:5   | Reached XP level 14. HP: 100/110 MP: 14/14
 14848 | Lair:5   | Found a runed translucent door.
 14848 | Lair:5   | Noticed a reaper
 15232 | Lair:5   | Received a gift from Trog
 15696 | Lair:5   | Killed a reaper
 15798 | Lair:1   | Killed jfcaron's ghost
 15798 | Lair:1   | Killed Dordric's ghost
 15799 | Lair:1   | Killed Nonny's ghost
 15801 | Lair:1   | Killed unlimited1921's ghost
 15802 | Lair:1   | Killed Fractals's ghost
 15889 | Lair:1   | Found a runed translucent door.
 15917 | Lair:1   | Found a runed translucent gate.
 15917 | Lair:1   | Found a runed translucent gate.
 15917 | Lair:1   | Found a runed translucent gate.
 15917 | Lair:1   | Found a runed translucent gate.
 15917 | Lair:1   | Found a runed translucent gate.
 15917 | Lair:1   | Found a runed translucent gate.
 16381 | D:11     | Identified the +1 robe "Bapeziov" {Fly}
 16629 | D:11     | Received a gift from Trog
 16759 | D:11     | Found a staircase to the Orcish Mines.
 16960 | Orc:1    | Entered Level 1 of the Orcish Mines
 17044 | Orc:1    | Noticed Sonja
 17045 | Orc:1    | Sonja changed into Sonja the naga
 17045 | Orc:1    | Noticed Sonja
 17055 | Orc:1    | Killed Sonja the naga
 17209 | Orc:1    | Found a large runed translucent door.
 17219 | Orc:1    | Found a large runed translucent door.
 17225 | Orc:1    | Noticed 0gre's ghost (journeyman GnIE)
 17391 | Orc:1    | Killed 0gre's ghost
 17392 | Orc:1    | Reached skill level 1 in Evocations
 17438 | Orc:2    | Entered Level 2 of the Orcish Mines
 17451 | Orc:2    | Found a staircase to the Elven Halls.
 17462 | Orc:2    | Found Yrghimyi's Book Boutique.
 17497 | Orc:2    | Found Perufil's Armour Shop.
 17507 | Orc:2    | Gained mutation: You have a sharp stinger which inflicts
                  | weakening toxins. [demonic ancestry]
 17507 | Orc:2    | Reached XP level 15. HP: 115/115 MP: 13/15
 17554 | Orc:2    | Found a gate leading to a gauntlet.
 17582 | Gauntlet | Entered a Gauntlet
 17582 | Gauntlet | Found a transporter.
 17582 | Gauntlet | Found a transporter.
 17583 | Gauntlet | Found a transporter.
 17586 | Gauntlet | Found a transporter.
 17586 | Gauntlet | Found a transporter.
 17596 | Gauntlet | Found a transporter.
 17600 | Gauntlet | Found a transporter.
 17610 | Gauntlet | Found a transporter.
 17653 | Gauntlet | Found a transporter.
 17720 | Gauntlet | Found a transporter.
 17720 | Gauntlet | Found a transporter.
 17736 | Gauntlet | Found a transporter.
 17913 | Gauntlet | Identified the +0 hat of Iwetelac {Str+2 Slay+2}
 17957 | Gauntlet | Received a gift from Trog
 17977 | Gauntlet | Identified the +0 pair of boots of Canwihes {rN+}
 18004 | Gauntlet | Got the Encyclopedia of Support and Variation
 18693 | Orc:2    | Found Dofoimas's Armour Emporium.
 18926 | Orc:2    | Found Vupymaxt's Antique Weapon Shoppe.
 18928 | Orc:2    | Found Baugguwuku's Antique Armour Emporium.
 19055 | Orc:2    | Bought the +9 plate armour "Totoguac" {+Inv Dex+5 SInv} for
                  | 1353 gold pieces
 19108 | Orc:2    | Bought a manual of Evocations for 1200 gold pieces
 19252 | D:12     | Noticed Snorg
 19264 | D:12     | Killed Snorg
 19341 | D:12     | Received a gift from Trog
 19609 | D:12     | Found a burning altar of Makhleb.
 19639 | D:12     | Identified the staff of cold "Ileppimo" {rC+ Int+4}
 19961 | D:13     | Found a hide-covered altar of Uskayaw.
 20094 | D:12     | Reached XP level 16. HP: 124/124 MP: 16/16
 20210 | D:13     | Found a gate to the Vaults.
 20245 | D:13     | Reached skill level 11 in Fighting
 21135 | D:14     | Reached skill level 10 in Evocations
 21542 | D:15     | Entered Level 15 of the Dungeon
 21542 | D:15     | Found a staircase to the Depths.
 21791 | D:15     | Found Nipoxyud's Distillery.
 21989 | D:15     | Received a gift from Trog
 22041 | D:15     | Reached XP level 17. HP: 131/131 MP: 17/17
 22255 | D:15     | Bought a potion of heal wounds for 75 gold pieces
 22755 | Spider:1 | Entered Level 1 of the Spider Nest
 22808 | Swamp:1  | Entered Level 1 of the Swamp
 23526 | Swamp:2  | Reached skill level 12 in Fighting
 23530 | Swamp:2  | Noticed Roxanne
 24050 | Swamp:2  | Killed Roxanne
 24369 | Swamp:3  | Received a gift from Trog
 24437 | Swamp:3  | Identified the +1 robe of Summertime {Will++ Regen+}
 24575 | Swamp:3  | Noticed Kirke
 24587 | Swamp:3  | Killed Kirke
 24828 | Swamp:4  | Entered Level 4 of the Swamp
 25006 | Swamp:4  | Reached skill level 13 in Fighting
 25210 | Swamp:4  | Noticed Aizul
 25229 | Swamp:4  | Killed Aizul
 25246 | Swamp:4  | Received a gift from Trog
 25290 | Swamp:4  | Gained mutation: You are resistant to unholy torment.
                  | [demonic ancestry]
 25290 | Swamp:4  | Reached XP level 18. HP: 107/144 MP: 8/18
 25315 | Swamp:4  | Found a blossoming altar of Fedhas.
 25339 | Swamp:4  | Found a basalt altar of Yredelemnul.
 25773 | Orc:2    | Bought the +4 helmet of Jigsaw {Fly rCorr} for 666 gold
                  | pieces
 26077 | Swamp:4  | Got a decaying rune of Zot
 26232 | Spider:1 | Noticed Rupert
 26238 | Spider:1 | Killed Rupert
 26420 | Spider:1 | Identified the +6 chain mail of Riynisey {rPois rCorr
                  | Dex-4}
 27394 | Spider:2 | Reached skill level 14 in Fighting
 27460 | Spider:2 | Received a gift from Trog
 28431 | Spider:3 | Noticed Arachne
 28466 | Spider:3 | Killed Arachne
 28677 | Spider:3 | Received a gift from Trog
 29136 | Spider:4 | Entered Level 4 of the Spider Nest
 29676 | Spider:4 | Reached skill level 15 in Fighting
 29977 | Spider:4 | Received a gift from Trog
 30181 | Spider:4 | Reached XP level 19. HP: 140/155 MP: 16/19
 30438 | Spider:4 | Reached skill level 15 in Armour
 30442 | Spider:4 | Reached skill level 15 in Shields
 30613 | Spider:4 | Got a gossamer rune of Zot
 30689 | Spider:4 | jfcaron: ??order
 30689 | Spider:4 | beem: hyperelliptic[1/2]: D:11 -> Lair -> D:12 -> Orc ->
                  | D:15 -> S:3 -> maybe other S:3 -> get both S runes -> maybe
                  | Elf (but not the Elf:3 vault) -> Vaults:4 -> maybe Crypt ->
                  | Depths:4 -> Vaults:5 -> maybe Slime -> Zot ("S" means
                  | Shoals/Snake/Spider/Swamp)
 30907 | Elf:1    | Entered Level 1 of the Elven Halls
 30915 | Elf:1    | Received a gift from Trog
 30994 | Elf:1    | Reached skill level 15 in Evocations
 31013 | Elf:1    | Received a gift from Trog
 31308 | Elf:1    | You are sucked into a shaft and drop 1 floor!
 31312 | Elf:2    | Found a runed translucent gate.
 31312 | Elf:2    | Found a runed translucent gate.
 31313 | Elf:2    | Found a runed translucent gate.
 31393 | Elf:2    | Found Taukhaleo's Weapon Emporium.
 31429 | Elf:2    | Found Gikhlai's Antique Weapon Emporium.
 31440 | Elf:2    | Found a flickering gateway to a bazaar.
 31461 | Bazaar   | Entered a bazaar
 31585 | Bazaar   | Found Mitwaph's Book Shop.
 31597 | Bazaar   | Found Luohinke's Book Shop.
 31699 | Elf:2    | Found Woskaf's Armour Shoppe.
 32214 | Elf:2    | Received a gift from Trog
 32218 | Elf:2    | Found Lusmatt's Weapon Shop.
 32635 | Elf:2    | Gained mutation: You can hurl damnation. [demonic ancestry]
 32635 | Elf:2    | Reached XP level 20. HP: 81/164 MP: 3/20
 33058 | Elf:3    | Entered Level 3 of the Elven Halls
 33314 | Elf:3    | Received a gift from Trog
 33319 | Elf:3    | Reached skill level 16 in Fighting
 33737 | Elf:3    | Identified the ring of Yrghut Vokkih {rElec EV+5 Dex-5
                  | Slay+3}
 33749 | Elf:3    | Received a gift from Trog
 33873 | Elf:3    | Identified the staff of conjuration "Sewoil" {Will+ rCorr
                  | Int-5 Dex+3}
 33874 | Elf:3    | Identified the staff of death "Poh Mokoqa" {rF+ rN+}
 33896 | Elf:3    | Identified the staff of earth "Lemiot" {*Corrode rElec
                  | Str+5}
 34266 | Vaults:1 | Entered Level 1 of the Vaults
 34294 | Vaults:1 | Reached skill level 10 in Dodging
 34755 | Vaults:1 | Found a portal to a secret trove of treasure.
 34864 | Vaults:1 | Reached skill level 17 in Fighting
 34881 | Vaults:1 | Received a gift from Trog
 35892 | Vaults:2 | Gained mutation: A demonic guardian rushes to your aid.
                  | [demonic ancestry]
 35892 | Vaults:2 | Reached XP level 21. HP: 158/176 MP: 21/21
 36076 | Vaults:2 | Received a gift from Trog
 36300 | Vaults:2 | Found a staircase to the Crypt.
 36797 | Vaults:3 | Reached skill level 18 in Fighting
 37214 | Vaults:3 | Received a gift from Trog
 37218 | Vaults:3 | Identified the +9 dagger of the Sea {drain, *Rage Str+5}
 37617 | Vaults:3 | Found Xeufas's Assorted Antiques.
 37682 | Vaults:3 | Found Woruqavy's Magic Scroll Shoppe.
 37895 | Vaults:4 | Received a gift from Trog
 38086 | Vaults:4 | Reached skill level 19 in Fighting
 38475 | Vaults:4 | Received a gift from Trog
 38989 | Vaults:4 | jfcaron: ??order
 39083 | Depths:1 | Entered Level 1 of the Depths
 39118 | Depths:1 | Reached XP level 22. HP: 162/189 MP: 22/22
 39185 | Depths:1 | Reached skill level 20 in Fighting
 39831 | Vaults:1 | You paid a toll of +3 storm dragon scales to enter a
                  | treasure trove
 39832 | Trove    | Entered a treasure trove
 39863 | Trove    | Identified the +2 hat "Geplew" {rN+ Str+3 Dex-2 Stlth+}
 39864 | Trove    | Identified the +0 pair of gloves "Dekem" {Fly}
 39885 | Trove    | Identified the ring "Uleapp" {rC+ rN+ rCorr Dex+2 SInv}
 39977 | Vaults:1 | Reached XP level 23. HP: 198/198 MP: 23/23
 39978 | Vaults:1 | Reached XP level 24. HP: 206/206 MP: 23/23
 40180 | Crypt:1  | Entered Level 1 of the Crypt
 40195 | Crypt:1  | Reached skill level 21 in Fighting
 40250 | Crypt:1  | Received a gift from Trog
 40434 | Crypt:1  | Identified the +7 spear "Ciffequ" {protect, Str+5 Int+3
                  | Dex+3 SInv}
 41418 | Crypt:2  | Noticed Zenata
 41427 | Crypt:2  | Killed Zenata
 42103 | Crypt:3  | Entered Level 3 of the Crypt
 42109 | Crypt:3  | Received a gift from Trog
 42518 | Crypt:3  | Noticed a royal mummy
 42540 | Crypt:3  | Killed a royal mummy
 43009 | Crypt:3  | Received a gift from Trog
 43069 | Crypt:3  | Found a staircase to the Tomb.
 43491 | Crypt:3  | Got the Catalogue of Malediction
 43899 | Slime:1  | Entered Level 1 of the Pits of Slime
 44059 | Slime:4  | Received a gift from Trog
 44095 | Slime:5  | Entered Level 5 of the Pits of Slime
 44109 | Slime:5  | Gained mutation: A powerful demonic guardian rushes to your
                  | aid. [demonic ancestry]
 44109 | Slime:5  | Reached XP level 25. HP: 216/216 MP: 23/23
 44163 | Slime:5  | Found a viscous altar of Jiyva.
 44163 | Slime:5  | Noticed the Royal Jelly
 44201 | Slime:5  | Killed the Royal Jelly
 44236 | Slime:5  | Identified the amulet "Jyrchesa" {RegenMP rPois rF+ Regen+}
 44242 | Slime:5  | Identified the +7 battleaxe of Uncertain Death {drain,
                  | Fragile Int+5 Stlth+}
 44276 | Slime:5  | Identified the ring of Cojecum {Str+3 SInv}
 44293 | Slime:5  | Identified the +4 sling of Awkwardness {elec, Str+3}
 44295 | Slime:5  | Got a slimy rune of Zot
 44303 | Slime:5  | Identified the +4 battleaxe "Monagidi" {drain, rElec rCorr
                  | Stlth+}
 44325 | Slime:5  | Identified the +7 morningstar of Ofamixoch {speed, Int-3
                  | Dex+7}
 44812 | Depths:1 | Found a blossoming altar of Fedhas.
 44824 | Depths:1 | Found a gateway to Hell.
 44879 | Depths:1 | Received a gift from Trog
 44895 | Depths:1 | Reached skill level 22 in Fighting
 44901 | Depths:1 | Noticed a juggernaut
 44909 | Depths:1 | Killed a juggernaut
 44960 | Depths:1 | Found a one-way gate to the infinite horrors of the Abyss.
 45143 | Depths:1 | Received a gift from Trog
 45303 | Depths:1 | Noticed a juggernaut
 45317 | Depths:1 | Killed a juggernaut
 45471 | Depths:1 | Identified the +3 scimitar of Xom's Respect {vamp, +Blink
                  | rF+ rN+ Dex-5}
 45476 | Depths:1 | Identified the +9 shortbow "Kafrapn" {flame, Will+ Int+2
                  | Dex+2}
 45682 | Depths:2 | Noticed Nikola
 45696 | Depths:1 | Killed Nikola
 46143 | Depths:2 | Received a gift from Trog
 46183 | Depths:2 | Paralysed by a floating eye for 4 turns
 46392 | Depths:2 | Found a runed translucent door.
 46408 | Depths:2 | Found a shimmering altar of Xom.
 46408 | Depths:2 | Noticed Xepac's ghost (veteran MiHu)
 46408 | Depths:2 | Identified the +5 dire flail of Defiance {chaos, Int+3}
 46530 | Depths:2 | Found a one-way gate leading to the halls of Pandemonium.
 46750 | Depths:2 | Killed Xepac's ghost
 46754 | Depths:2 | Identified the ring "Qiddiuqu" {rElec rPois rN+ Int-3
                  | Stlth+}
 46758 | Depths:2 | Identified the ring "Jeiz" {rElec rN+ Will- rCorr AC+4}
 47107 | Depths:2 | Found a runed translucent door.
 47107 | Depths:2 | Noticed a juggernaut
 47108 | Depths:2 | Noticed a juggernaut
 47109 | Depths:2 | Found a runed translucent door.
 47109 | Depths:2 | Found a runed translucent door.
 47127 | Depths:2 | Killed a juggernaut
 47127 | Depths:2 | Killed a juggernaut
 47128 | Depths:2 | Reached XP level 26. HP: 226/226 MP: 23/23
 47213 | Depths:2 | Identified the ring "Fyung" {EV+5 Str+5 Int+6}
 47218 | Depths:2 | Paralysed by a floating eye for 4 turns
 47479 | Depths:2 | Identified the +1 scale mail of Crawling {Rampage *Corrode
                  | Dex+2}
 47804 | Depths:3 | Reached skill level 23 in Fighting
 47899 | Depths:3 | Received a gift from Trog
 48123 | Depths:3 | Found a one-way gateway to a ziggurat.
 48368 | Depths:3 | Found Jypran's General Store.
 48375 | Depths:3 | Bought a scroll of teleportation for 51 gold pieces
 48375 | Depths:3 | Found Olajyhuysm's Weapon Emporium.
 48719 | Depths:4 | Entered Level 4 of the Depths
 49103 | Depths:4 | Noticed Jory
 49115 | Depths:4 | Killed Jory
 49115 | Depths:4 | Received a gift from Trog
 49270 | Depths:4 | Found a basalt altar of Yredelemnul.
 49573 | Vaults:3 | Bought a scroll of enchant armour for 105 gold pieces
 49573 | Vaults:3 | Bought a scroll of teleportation for 42 gold pieces
 49573 | Vaults:3 | Bought a scroll of fear for 56 gold pieces
 49573 | Vaults:3 | Bought a scroll of fear for 56 gold pieces
 49573 | Vaults:3 | Bought a scroll of fear for 56 gold pieces
 49573 | Vaults:3 | Bought a scroll of vulnerability for 56 gold pieces
 50506 | Depths:4 | Received a gift from Trog
 50548 | Depths:4 | Found a gate to the Realm of Zot.
 50839 | Vaults:5 | Entered Level 5 of the Vaults
 50839 | Vaults:5 | Noticed Mara
 50843 | Vaults:5 | Noticed jfcaron's illusion
 50848 | Vaults:5 | Killed Mara
 50958 | Vaults:5 | Received a gift from Trog
 50967 | Vaults:5 | Reached XP level 27. HP: 218/237 MP: 23/23
 50978 | Vaults:5 | Noticed a dread lich
 51003 | Vaults:5 | Killed a dread lich
 51010 | Abyss:2  | Cast into level 2 of the Abyss (a deep elf sorcerer)
 51090 | Abyss:3  | Noticed an ancient lich
 51109 | Abyss:3  | Noticed an ancient lich
 51110 | Abyss:3  | Killed an ancient lich
 51134 | Abyss:3  | Killed an ancient lich
 51150 | Abyss:3  | Got an abyssal rune of Zot
 51152 | Abyss:3  | Received a gift from Trog
 51172 | Abyss:3  | Reached skill level 24 in Fighting
 51187 | Vaults:5 | Escaped the Abyss
 51550 | Vaults:5 | Got a silver rune of Zot
 51718 | Vaults:5 | Found Zikeiz's General Store.
 51721 | Vaults:5 | Received a gift from Trog
 51741 | Vaults:5 | Bought 6 curare-tipped darts for 129 gold pieces
 51741 | Vaults:5 | Bought a wand of paralysis (2) for 86 gold pieces
 51940 | Vaults:5 | Identified the +4 ring mail of the Game Afoot {Slay+2}
 52078 | Vaults:5 | Found the ring of the Octopus King
 52082 | Vaults:5 | Identified the +10 chain mail "Wurinaa" {rElec Will- Int+2
                  | Dex+3}
 52097 | Vaults:5 | Identified a ring of the Octopus King {rCorr HP+2 AC+2 EV+2
                  | SH+2}
 52116 | Vaults:5 | Identified the +6 morningstar of the Eel {flame, rElec
                  | rPois MP+9 Int-2}
 52398 | Zot:1    | Entered Level 1 of the Realm of Zot
 52440 | Zot:1    | Noticed an orb of fire
 52443 | Zot:1    | Gained mutation: You occasionally shout uncontrollably at
                  | your foes. [an orb of fire]
 52456 | Depths:4 | Killed an orb of fire
 52637 | Zot:2    | Received a gift from Trog
 52702 | Zot:2    | Noticed an orb of fire
 52717 | Zot:2    | Gained mutation: Your body sometimes deteriorates upon
                  | taking damage. [an orb of fire]
 52718 | Zot:2    | Gained mutation: You are weak. (Str -2) [an orb of fire]
 52733 | Zot:2    | Killed an orb of fire
 52804 | Zot:2    | Found the +4 dragonskin cloak
 52804 | Zot:2    | Noticed Tiamat
 52825 | Zot:2    | Killed Tiamat
 52853 | Zot:3    | Received a gift from Trog
 52962 | Zot:4    | Noticed an orb of fire
 52979 | Zot:4    | Gained mutation: You are vulnerable to cold. (rC-) [an orb
                  | of fire]
 52984 | Zot:4    | Killed an orb of fire
 53313 | Zot:4    | Reached skill level 25 in Fighting
 53898 | Zot:5    | Entered Level 5 of the Realm of Zot
 54037 | Zot:5    | Found Ceeblott's Changing Room.
 54055 | Zot:5    | Bought a potion of mutation for 96 gold pieces
 54118 | Zot:5    | Found a transporter.
 54271 | Zot:5    | Found a transporter.
 54658 | Zot:3    | Received a gift from Trog
 55343 | Zot:2    | Identified the +4 plate armour of Ru's Whim {Fly}
 55653 | Zot:1    | You are sucked into a shaft and drop 1 floor!
 55855 | Zot:1    | Identified the +6 mace of the Hammering Gods {flame, Str+3
                  | Int+4 Stlth+}
 55937 | Zot:1    | Noticed Grunn
 55961 | Zot:1    | Killed Grunn
 56192 | Zot:1    | Noticed an orb of fire
 56209 | Zot:1    | Killed an orb of fire
 57108 | Zot:5    | Noticed an orb of fire
 57124 | Zot:5    | Gained mutation: Your magical capacity is low. (-10% MP)
                  | [an orb of fire]
 57125 | Zot:5    | Killed an orb of fire
 57156 | Zot:5    | Noticed a dread lich
 57170 | Zot:5    | Killed a dread lich
 57170 | Zot:5    | Received a gift from Trog
 57249 | Zot:5    | Noticed a dread lich
 57271 | Zot:5    | Killed a dread lich
 57437 | Zot:5    | HP: 24/244 [Orb Guardian (26)]
 57749 | Zot:5    | Noticed an ancient lich
 57749 | Zot:5    | Noticed an orb of fire
 57749 | Zot:5    | Noticed a dread lich
 57749 | Zot:5    | Noticed an orb of fire
 57758 | Zot:5    | Noticed an ancient lich
 57765 | Zot:5    | Killed an orb of fire
 57780 | Zot:5    | Killed an ancient lich
 57783 | Zot:5    | Killed an orb of fire
 57799 | Zot:5    | Killed an ancient lich
 57914 | Zot:5    | Killed a dread lich
 57915 | Zot:5    | Reached skill level 26 in Fighting
 58308 | Zot:5    | Got the Orb of Zot
 58681 | D:5      | Noticed Zieguseh the pandemonium lord
 58686 | D:5      | Killed Zieguseh the pandemonium lord
 58841 | D:1      | Lost mutation: Your body sometimes deteriorates upon taking
                  | damage. [potion of mutation]
 58841 | D:1      | Lost mutation: You occasionally shout uncontrollably at
                  | your foes. [potion of mutation]
 58841 | D:1      | Lost mutation: You are weak. (Str -2) [potion of mutation]
 58841 | D:1      | Gained mutation: You have supernaturally acute eyesight.
                  | (SInv) [potion of mutation]
 58841 | D:1      | Gained mutation: Your system is resistant to poisons.
                  | (rPois) [potion of mutation]
 58842 | D:1      | Lost mutation: You are vulnerable to cold. (rC-) [potion of
                  | mutation]
 58842 | D:1      | Lost mutation: Your magical capacity is low. (-10% MP)
                  | [potion of mutation]
 58842 | D:1      | Lost mutation: Your system is resistant to poisons. (rPois)
                  | [potion of mutation]
 58842 | D:1      | Gained mutation: Your system is resistant to poisons.
                  | (rPois) [potion of mutation]
 58842 | D:1      | Gained mutation: You have hidden genetic potential. [potion
                  | of mutation]
 58844 | D:$      | Escaped with the Orb!

Illustrated notes

Levels and vault maps discovered:
D:1:      grunt_arrival_crossed_arrows, layout_rooms, serial_shops,
          nicolae_shop_temple_entry_statues_fountains, st_stairs_3,
          minmay_pentomino_p2
D:2:      layout_basic
D:3:      layout_rooms, mainiacjoe_overflow_alcove_4,
          biasface_ghost_orc_armoury, gup_sewer_entry_pipe,
          basic_ecumenical_altar, kennysheep_generic_room_10, uniq_terence
D:4:      layout_basic, slow_altar_2, grunt_gozag_statues, ebering_ghost_sewer_f
D:5:      layout_basic, mainiacjoe_overflow_alcove_2, temple_green,
          serial_bayou_lagoon_b, uniq_sigmund
D:6:      layout_basic, nicolae_hepliaklqana_monster_ancestors, st_stairs_10,
          chequers_serial_rivers_micro_c, minmay_misc_feat_x, uniq_edmund
D:7:      cheibrodos_shockbox, layout_rooms, nicolae_wu_jian_wuxing_cycle
D:8:      layout_rooms, kennysheep_vampire_church, minmay_misc_feat_hallway
D:9:      layout_loops_corners, mainiacjoe_overflow_surrounded_room,
          due_lair_maze_entry_diamond, minmay_nine_imps
D:10:     wad_statue_garden, layout_irregular_city, lemuel_round_altar,
          nicolae_overflow_hidden_temple, enter_bailey_3,
          minmay_hollow_rounded_squares
D:11:     layout_roguey, hiddenorc1_lemuel
D:12:     layout_rooms, nicolae_nh_vlads_tower, uniq_snorg
D:13:     layout_rooms, erik_vaults_2, nicolae_uskayaw_murder_on_the_dancefloor
D:14:     layout_loops_corners, amcnicky_mini_pool_small, nrook_pool_corridor
D:15:     gammafunk_depths_entry_grave, layout_irregular_city, serial_shops,
          shop_statue, minmay_misc_feat_four_crosses
Lair:1:   gammafunk_indiana_jones, layout_chaotic_city,
          gammafunk_ghost_cemetery, fungi_pond_lemuel,
          infiniplex_staircase_pool_2
Lair:2:   layout_regular_city, nicolae_spider_entry_non_spiders,
          serial_bayou_pond_d, ice2_lemuel, uniq_fannar
Lair:3:   beast_lair_carwin_large_4, layout_cave_pods, minmay_swamp_entry_worms,
          nicolae_quartered_pool_little, uniq_amaemon, uniq_nessos
Lair:4:   layout_long_grid, slime_entry_1, special_room [special_room_bee],
          minivault_23, hibernation_bobbens
Lair:5:   minmay_lair_end_enchanted_forest, layout_long_grid, st_stairs_12,
          pdpol_lair_cabin_in_the_woods, grunt_megastairs_2
Swamp:1:  layout_falls_marsh, nicolae_swamp_small_spring
Swamp:2:  layout_basic_swamp, evilmike_swamp_ruin_rubble_1, uniq_roxanne
Swamp:3:  layout_basic_swamp, evilmike_swamp_ruin_house_1, swamp_pool3,
          nicolae_swamp_well_well_well, infiniplex_staircase_pool, uniq_kirke
Swamp:4:  byrel_swamp_growth_death_and_undeath, layout_basic_swamp, uniq_aizul
Spider:1: layout_chambers, uniq_rupert
Spider:2: layout_spider_delve
Spider:3: layout_spider_delve, nicolae_spider_nooks_and_crannies, uniq_arachne
Spider:4: guppyfry_spider_rune, spiders_nest_ghost_moth_duel
Slime:1:  layout_caves, cheibrodos_slime_lost_civilization_7
Slime:2:  layout_caves
Slime:3:  cheibrodos_slime_lost_civilization_1, layout_caves,
          nicolae_slime_barrier
Slime:4:  layout_caves
Slime:5
Orc:1:    layout_diamond_mine, ebering_ghost_disaster_area, uniq_sonja
Orc:2:    grunt_orc_community_town_hall, layout_caves,
          grunt_orc_community_big_house_1, grunt_orc_community_big_house_1,
          grunt_orc_community_house_3, grunt_orc_community_house_1,
          grunt_orc_community_house_3, grunt_orc_community_house_1,
          grunt_orc_community_house_2, grunt_orc_community_house_1,
          gauntlet_entry_generic, serial_shops, shop
Elf:1:    minmay_elf_arrival_circle, layout_gridlike, minivault_28
Elf:2:    nicolae_elf_blades_crystal_corner, layout_loops_ring, serial_shops,
          bzr_entry_lakeside, shop, nicolae_shop_getting_attention, shop, shop,
          columned_hall_lemuel
Elf:3:    minmay_elf_hall_spiked, layout_geoelf_diagonals
Vaults:1: hangedman_vaults_slice, nicolae_vaults_wrenched,
          nicolae_vaults_windows_and_doors_thing, ontoclasm_vaults_pinch,
          nicolae_vaults_trapezoid_2, v_misc_15, vaults_room_pools,
          layout_vaults_omnigrid, enter_trove_6
Vaults:2: minmay_crypt_entry_vampire_xt, nicolae_vaults_closet_pinwheel_3,
          vaults_room_door_hall, nicolae_vaults_variable_pillar_hall,
          nicolae_vaults_sightless_eye, nicolae_vaults_alarming,
          nicolae_vaults_tetromino_L_1, ontoclasm_vaults_ligature,
          vaults_room_hallway, nicolae_vaults_twisting_passages,
          vaults_standard_mumra_x, layout_vaults_big_room
Vaults:3: nicolae_vaults_closet_pinwheel_6, nicolae_vaults_storage_closets_3,
          nicolae_vaults_yaktaur_gun_rack, v_misc_10, ontoclasm_vaults_twist,
          ontoclasm_vaults_idyll, v_misc_5, nicolae_vaults_heist,
          nicolae_vaults_trapezoid_lopsided_4, vaults_room_semicircle,
          nicolae_vaults_rhombus_6, layout_vaults_ring, serial_shops,
          shop_scrolls, nicolae_shop_real_fake_doors
Vaults:4: nicolae_vaults_lightning_bolt, nicolae_vaults_stepped_doors,
          nicolae_vaults_offset_grid_hallway_1, nicolae_vaults_arrows,
          nicolae_vaults_apartment_2, nicolae_vaults_tetromino_L_1,
          nicolae_vaults_meiosis, dpeg_vaults_monster_box,
          ontoclasm_vaults_hangar, nicolae_vaults_theta, layout_vaults_omnicross
Vaults:5: serial_shops, uniq_mara
Crypt:1:  layout_gridlike
Crypt:2:  layout_gridlike, uniq_zenata
Crypt:3:  due_elkab, layout_chaotic_city
Depths:1: minmay_octagon_city, layout_cross, minmay_room_of_horrors, hell_entry,
          minmay_misc_feat_square, serial_bayou_pond_d, fedhas_altar_1
Depths:2: minmay_the_grid_triangle_9x9_rhombus_full
          [minmay_the_grid_triangle_9x9_wacky_v,
          minmay_the_grid_triangle_9x9_fully_insulated_deathbox,
          minmay_the_grid_triangle_9x9_from_above,
          minmay_the_grid_triangle_9x9_corruption,
          minmay_the_grid_triangle_9x9_semitri,
          minmay_the_grid_triangle_9x9_windchime,
          minmay_the_grid_triangle_9x9_cache,
          minmay_the_grid_triangle_9x9_prize_center], layout_cave_pools,
          serial_sigils_hangedman_shear, ebering_ghost_xom,
          grunt_pan_entry_sceptre, abyss_entry, hell_entry,
          minmay_fractal_squares_diagonal_5, infiniplex_staircase_zigzag_2,
          uniq_nikola
Depths:3: minmay_thick_lines, layout_basic, enter_ziggurat_f, abyss_entry,
          hangedman_coc_ice_floe, elyvilon_altar_1,
          infiniplex_staircase_squiggle, minmay_shoptagon
Depths:4: evilmike_zot_entry_hall, layout_gridlike, serial_bayou,
          serial_bayou_pond_a, serial_bayou_lake_a, serial_bayou_shore_b,
          serial_bayou_crossing, pf_hell_entry_great_geh,
          rand_demon_pan_entry_5, abyss_entry, chequers_serial_rivers_micro_b,
          yredelemnul_altar_generic, uniq_jory
Zot:1:    layout_basic, zot_minivault_5, uniq_grunn
Zot:2:    layout_onion_interference, uniq_tiamat
Zot:3:    layout_basic
Zot:4:    lemuel_draconian_sentries, layout_concentric_octagons
Zot:5:    layout_onion, st_stairs_9, hangedman_zot_diagonal_lockstep,
          nicolae_transmutations_shop, nicolae_diode_stairs

Skill      XL: |  1  2  3  4  5  6  7  8  9 10 11 12 13 14 15 16 17 18 19 20 21 22 23 24 25 26 27 |
---------------+----------------------------------------------------------------------------------+-----
Armour         | 2 3 4 5 7 8 9 10 11 13 14 15 17 19 20 21 22 24 | 24.6
Dodging        | 2 3 4 5 6 7 8 10 11 12 14 | 14.8
Axes           | 3 4 5 6 7 9 10 12 15 18 19 20 | 20.7
Fighting       | 4 5 6 8 9 10 11 13 15 17 19 20 21 22 23 26 | 26.1
Shields        | 2 5 7 9 10 11 13 14 15 16 18 | 18.3
Evocations     | 1 9 10 11 12 15 16 17 18 | 18.9

Action                     |  1- 3 |  4- 6 |  7- 9 | 10-12 | 13-15 | 16-18 | 19-21 | 22-24 | 25-27 || total
---------------------------+-------+-------+-------+-------+-------+-------+-------+-------+-------++-------
  Melee: Hand axe          |   104 |   267 |   256 |   287 |    38 |       |       |       |       ||   952
         Punch             |     1 |     4 |    11 |       |       |       |       |       |       ||    16
         Morningstar       |       |       |   160 |       |     4 |     7 |       |       |       ||   171
         Tailslap          |       |       |    20 |   102 |   108 |   212 |   247 |   127 |   462 ||  1278
         Broad axe         |       |       |       |   290 |   686 |   954 |  1162 |   545 |  1945 ||  5582
  Throw: Stone             |    16 |     5 |    25 |    43 |    36 |       |       |       |       ||   125
         Dart              |    12 |    10 |   191 |    96 |   110 |     1 |       |     1 |     1 ||   422
         Boomerang         |       |       |       |    51 |   111 |    69 |    38 |       |       ||   269
         Javelin           |       |       |       |       |    19 |    11 |    21 |       |    19 ||    70
         Throwing net      |       |       |       |       |       |       |       |       |     1 ||     1
 Invoke: Berserk           |     2 |     5 |    10 |    13 |    15 |     4 |     5 |     1 |     5 ||    60
         Brothers in Arms  |       |       |       |       |     3 |     1 |       |       |     2 ||     6
         Trog's Hand       |       |       |       |       |       |       |       |       |     2 ||     2
Ability: Hurl Damnation    |       |       |       |       |       |       |     6 |     5 |     3 ||    14
  Evoke: Wand              |       |       |     3 |     9 |    10 |     8 |     1 |       |   151 ||   182
         Box of beasts     |       |       |       |     1 |     1 |       |       |       |     1 ||     3
         Condenser vane    |       |       |       |       |     2 |       |     4 |       |     9 ||    15
         Phantom mirror    |       |       |       |       |     1 |     1 |     1 |       |     2 ||     5
         Lightning rod     |       |       |       |       |       |     7 |    10 |     3 |    10 ||    30
    Use: Scroll            |     6 |       |     2 |    16 |    12 |     1 |     2 |     3 |    22 ||    64
         Potion            |       |       |       |     2 |     1 |     2 |     3 |     2 |    13 ||    23
   Stab: Paralysed         |       |       |       |    15 |       |       |       |       |       ||    15
         Distracted        |       |       |       |       |     1 |     3 |       |     2 |    10 ||    16
         Held in net/web   |       |       |       |       |       |       |       |       |     1 ||     1
         Confused          |       |       |       |       |       |       |       |       |     6 ||     6
 Armour: Animal skin       |     7 |       |       |       |       |       |       |       |       ||     7
         Leather armour    |     7 |       |       |       |       |       |       |       |       ||     7
         Chain mail        |     8 |    84 |   145 |     3 |       |       |       |       |       ||   240
         Ring mail         |     3 |       |       |       |       |       |       |       |       ||     3
         Plate armour      |       |       |       |   235 |   364 |   654 |   605 |   304 |   436 ||  2598
         Gold dragon scale |       |       |       |       |       |       |       |       |  1185 ||  1185
  Dodge: Dodged            |    86 |   136 |   295 |   297 |   363 |   677 |   619 |   295 |  1274 ||  4042
  Block: Kite shield       |       |       |    28 |   359 |   558 |   827 |   977 |   533 |  1422 ||  4704
         Reflection        |       |       |       |     2 |     4 |       |    68 |     2 |       ||    76

Table legend: (Time is in decaauts)
 A = Elapsed time spent in this place.
 B = Non-inter-level travel time spent in this place.
 C = Inter-level travel time spent in this place.
 D = Time resting spent in this place.
 E = Time spent auto-exploring this place.
 F = Levels seen in this place.
 G = Mean time per level.
                   A        B        C        D        E       F      G
               +--------+--------+--------+--------+--------+-----+--------+
         Total |  60596 |  51976 |   8620 |   3578 |  32803 |  62 |  977.4 |
       Dungeon |  15887 |  12602 |   3285 |    728 |   8370 |  15 | 1059.1 |
          Lair |   6725 |   5747 |    978 |    343 |   3811 |   5 | 1345.0 |
         Swamp |   3208 |   2940 |    268 |    317 |   1835 |   4 |  802.0 |
   Spider Nest |   4960 |   4505 |    455 |    310 |   3183 |   4 | 1240.0 |
    Slime Pits |    619 |    586 |     33 |    135 |      0 |   5 |  123.8 |
  Orcish Mines |   1972 |   1550 |    422 |      0 |   1060 |   2 |  986.0 |
   Elven Halls |   2947 |   2703 |    244 |     24 |   1779 |   3 |  982.3 |
        Vaults |   6432 |   5774 |    658 |      3 |   4285 |   5 | 1286.4 |
         Crypt |   3519 |   3231 |    288 |    161 |   2282 |   3 | 1173.0 |
        Depths |   6331 |   5136 |   1195 |    500 |   3003 |   4 | 1582.8 |
           Zot |   5473 |   4683 |    790 |    709 |   2385 |   5 | 1094.6 |
         Abyss |    162 |    162 |      0 |      0 |      0 |   2 |   81.0 |
        Bazaar |    183 |    183 |      0 |      0 |    154 |   1 |  183.0 |
         Trove |    108 |    108 |      0 |      0 |     63 |   1 |  108.0 |
         Sewer |   1042 |   1042 |      0 |    124 |    511 |   1 | 1042.0 |
        Bailey |    514 |    514 |      0 |    108 |     17 |   1 |  514.0 |
      Gauntlet |    505 |    505 |      0 |    113 |     63 |   1 |  505.0 |
               +--------+--------+--------+--------+--------+-----+--------+

Top non-repeatable levels by time:
Depths:2: 2062 daAuts
     D:9: 2000 daAuts
    D:10: 1837 daAuts
   Zot:5: 1751 daAuts
Spider:4: 1742 daAuts
Depths:4: 1737 daAuts
 Crypt:3: 1493 daAuts
  Lair:1: 1488 daAuts
  Lair:5: 1458 daAuts
  Lair:2: 1452 daAuts
Vaults:2: 1434 daAuts
    D:14: 1411 daAuts
Spider:1: 1369 daAuts
  Lair:3: 1359 daAuts
Vaults:1: 1344 daAuts

Table legend:
 A = Kills in this place as a percentage of kills in the entire game.
 B = Kills by you in this place as a percentage of kills by you in the entire game.
 C = Kills by friends in this place as a percentage of kills by friends in the entire game.
 D = Other kills in this place as a percentage of other kills in the entire game.
 E = Experience gained in this place as a percentage of experience gained in the entire game.
 F = Experience gained in this place divided by the number of levels of this place that you have seen.
                   A       B       C       D       E      F
               +-------+-------+-------+-------+-------+----------------------
         Total | 100.0 | 100.0 | 100.0 | 100.0 | 100.0 | 26092.5
       Dungeon |  16.8 |  17.3 |   1.2 |  15.8 |   5.2 | 5599.4
          Lair |  10.1 |  10.1 |   7.3 |  10.5 |   4.3 | 14009.8
         Swamp |   5.8 |   5.7 |   3.7 |  42.1 |   4.9 | 19945.0
   Spider Nest |   8.3 |   8.4 |   4.9 |   0.0 |   6.4 | 25801.5
    Slime Pits |   3.3 |   3.3 |   3.7 |   0.0 |   3.6 | 11523.8
  Orcish Mines |   4.8 |   4.9 |   3.7 |   0.0 |   0.9 | 7505.0
   Elven Halls |   6.9 |   7.0 |   3.7 |   5.3 |   8.0 | 43337.7
        Vaults |  13.0 |  13.0 |  14.6 |   5.3 |  17.7 | 57108.2
         Crypt |   6.3 |   6.4 |   3.7 |   0.0 |   6.3 | 33998.3
        Depths |  12.4 |  12.3 |  15.9 |  10.5 |  19.8 | 80100.0
           Zot |   8.4 |   7.5 |  37.8 |  10.5 |  20.9 | 67601.2
         Abyss |   1.0 |   1.0 |   0.0 |   0.0 |   1.5 | 11805.0
         Sewer |   1.0 |   1.1 |   0.0 |   0.0 |   0.0 | 678.0
        Bailey |   1.3 |   1.3 |   0.0 |   0.0 |   0.1 | 1392.0
      Gauntlet |   0.7 |   0.8 |   0.0 |   0.0 |   0.4 | 6444.0
               +-------+-------+-------+-------+-------+----------------------

Levels and vault maps discovered:
D:1:      grunt_arrival_crossed_arrows, layout_rooms, serial_shops,
          nicolae_shop_temple_entry_statues_fountains, st_stairs_3,
          minmay_pentomino_p2
D:2:      layout_basic
D:3:      layout_rooms, mainiacjoe_overflow_alcove_4,
          biasface_ghost_orc_armoury, gup_sewer_entry_pipe,
          basic_ecumenical_altar, kennysheep_generic_room_10, uniq_terence
D:4:      layout_basic, slow_altar_2, grunt_gozag_statues, ebering_ghost_sewer_f
D:5:      layout_basic, mainiacjoe_overflow_alcove_2, temple_green,
          serial_bayou_lagoon_b, uniq_sigmund
D:6:      layout_basic, nicolae_hepliaklqana_monster_ancestors, st_stairs_10,
          chequers_serial_rivers_micro_c, minmay_misc_feat_x, uniq_edmund
D:7:      cheibrodos_shockbox, layout_rooms, nicolae_wu_jian_wuxing_cycle
D:8:      layout_rooms, kennysheep_vampire_church, minmay_misc_feat_hallway
D:9:      layout_loops_corners, mainiacjoe_overflow_surrounded_room,
          due_lair_maze_entry_diamond, minmay_nine_imps
D:10:     wad_statue_garden, layout_irregular_city, lemuel_round_altar,
          nicolae_overflow_hidden_temple, enter_bailey_3,
          minmay_hollow_rounded_squares
D:11:     layout_roguey, hiddenorc1_lemuel
D:12:     layout_rooms, nicolae_nh_vlads_tower, uniq_snorg
D:13:     layout_rooms, erik_vaults_2, nicolae_uskayaw_murder_on_the_dancefloor
D:14:     layout_loops_corners, amcnicky_mini_pool_small, nrook_pool_corridor
D:15:     gammafunk_depths_entry_grave, layout_irregular_city, serial_shops,
          shop_statue, minmay_misc_feat_four_crosses
Lair:1:   gammafunk_indiana_jones, layout_chaotic_city,
          gammafunk_ghost_cemetery, fungi_pond_lemuel,
          infiniplex_staircase_pool_2
Lair:2:   layout_regular_city, nicolae_spider_entry_non_spiders,
          serial_bayou_pond_d, ice2_lemuel, uniq_fannar
Lair:3:   beast_lair_carwin_large_4, layout_cave_pods, minmay_swamp_entry_worms,
          nicolae_quartered_pool_little, uniq_amaemon, uniq_nessos
Lair:4:   layout_long_grid, slime_entry_1, special_room [special_room_bee],
          minivault_23, hibernation_bobbens
Lair:5:   minmay_lair_end_enchanted_forest, layout_long_grid, st_stairs_12,
          pdpol_lair_cabin_in_the_woods, grunt_megastairs_2
Swamp:1:  layout_falls_marsh, nicolae_swamp_small_spring
Swamp:2:  layout_basic_swamp, evilmike_swamp_ruin_rubble_1, uniq_roxanne
Swamp:3:  layout_basic_swamp, evilmike_swamp_ruin_house_1, swamp_pool3,
          nicolae_swamp_well_well_well, infiniplex_staircase_pool, uniq_kirke
Swamp:4:  byrel_swamp_growth_death_and_undeath, layout_basic_swamp, uniq_aizul
Spider:1: layout_chambers, uniq_rupert
Spider:2: layout_spider_delve
Spider:3: layout_spider_delve, nicolae_spider_nooks_and_crannies, uniq_arachne
Spider:4: guppyfry_spider_rune, spiders_nest_ghost_moth_duel
Slime:1:  layout_caves, cheibrodos_slime_lost_civilization_7
Slime:2:  layout_caves
Slime:3:  cheibrodos_slime_lost_civilization_1, layout_caves,
          nicolae_slime_barrier
Slime:4:  layout_caves
Slime:5
Orc:1:    layout_diamond_mine, ebering_ghost_disaster_area, uniq_sonja
Orc:2:    grunt_orc_community_town_hall, layout_caves,
          grunt_orc_community_big_house_1, grunt_orc_community_big_house_1,
          grunt_orc_community_house_3, grunt_orc_community_house_1,
          grunt_orc_community_house_3, grunt_orc_community_house_1,
          grunt_orc_community_house_2, grunt_orc_community_house_1,
          gauntlet_entry_generic, serial_shops, shop
Elf:1:    minmay_elf_arrival_circle, layout_gridlike, minivault_28
Elf:2:    nicolae_elf_blades_crystal_corner, layout_loops_ring, serial_shops,
          bzr_entry_lakeside, shop, nicolae_shop_getting_attention, shop, shop,
          columned_hall_lemuel
Elf:3:    minmay_elf_hall_spiked, layout_geoelf_diagonals
Vaults:1: hangedman_vaults_slice, nicolae_vaults_wrenched,
          nicolae_vaults_windows_and_doors_thing, ontoclasm_vaults_pinch,
          nicolae_vaults_trapezoid_2, v_misc_15, vaults_room_pools,
          layout_vaults_omnigrid, enter_trove_6
Vaults:2: minmay_crypt_entry_vampire_xt, nicolae_vaults_closet_pinwheel_3,
          vaults_room_door_hall, nicolae_vaults_variable_pillar_hall,
          nicolae_vaults_sightless_eye, nicolae_vaults_alarming,
          nicolae_vaults_tetromino_L_1, ontoclasm_vaults_ligature,
          vaults_room_hallway, nicolae_vaults_twisting_passages,
          vaults_standard_mumra_x, layout_vaults_big_room
Vaults:3: nicolae_vaults_closet_pinwheel_6, nicolae_vaults_storage_closets_3,
          nicolae_vaults_yaktaur_gun_rack, v_misc_10, ontoclasm_vaults_twist,
          ontoclasm_vaults_idyll, v_misc_5, nicolae_vaults_heist,
          nicolae_vaults_trapezoid_lopsided_4, vaults_room_semicircle,
          nicolae_vaults_rhombus_6, layout_vaults_ring, serial_shops,
          shop_scrolls, nicolae_shop_real_fake_doors
Vaults:4: nicolae_vaults_lightning_bolt, nicolae_vaults_stepped_doors,
          nicolae_vaults_offset_grid_hallway_1, nicolae_vaults_arrows,
          nicolae_vaults_apartment_2, nicolae_vaults_tetromino_L_1,
          nicolae_vaults_meiosis, dpeg_vaults_monster_box,
          ontoclasm_vaults_hangar, nicolae_vaults_theta, layout_vaults_omnicross
Vaults:5: serial_shops, uniq_mara
Crypt:1:  layout_gridlike
Crypt:2:  layout_gridlike, uniq_zenata
Crypt:3:  due_elkab, layout_chaotic_city
Depths:1: minmay_octagon_city, layout_cross, minmay_room_of_horrors, hell_entry,
          minmay_misc_feat_square, serial_bayou_pond_d, fedhas_altar_1
Depths:2: minmay_the_grid_triangle_9x9_rhombus_full
          [minmay_the_grid_triangle_9x9_wacky_v,
          minmay_the_grid_triangle_9x9_fully_insulated_deathbox,
          minmay_the_grid_triangle_9x9_from_above,
          minmay_the_grid_triangle_9x9_corruption,
          minmay_the_grid_triangle_9x9_semitri,
          minmay_the_grid_triangle_9x9_windchime,
          minmay_the_grid_triangle_9x9_cache,
          minmay_the_grid_triangle_9x9_prize_center], layout_cave_pools,
          serial_sigils_hangedman_shear, ebering_ghost_xom,
          grunt_pan_entry_sceptre, abyss_entry, hell_entry,
          minmay_fractal_squares_diagonal_5, infiniplex_staircase_zigzag_2,
          uniq_nikola
Depths:3: minmay_thick_lines, layout_basic, enter_ziggurat_f, abyss_entry,
          hangedman_coc_ice_floe, elyvilon_altar_1,
          infiniplex_staircase_squiggle, minmay_shoptagon
Depths:4: evilmike_zot_entry_hall, layout_gridlike, serial_bayou,
          serial_bayou_pond_a, serial_bayou_lake_a, serial_bayou_shore_b,
          serial_bayou_crossing, pf_hell_entry_great_geh,
          rand_demon_pan_entry_5, abyss_entry, chequers_serial_rivers_micro_b,
          yredelemnul_altar_generic, uniq_jory
Zot:1:    layout_basic, zot_minivault_5, uniq_grunn
Zot:2:    layout_onion_interference, uniq_tiamat
Zot:3:    layout_basic
Zot:4:    lemuel_draconian_sentries, layout_concentric_octagons
Zot:5:    layout_onion, st_stairs_9, hangedman_zot_diagonal_lockstep,
          nicolae_transmutations_shop, nicolae_diode_stairs
